 Dungeon Crawl Stone Soup version 0.19-a0-1568-gdd01aac (webtiles) character file.

46 Amnesiac the Digger (level 3, -5/24 HPs)
             Began as a Mummy Earth Elementalist on Sept 15, 2016.
             Slain by an ogre
             ... wielding a +0 giant spiked club
              (26 damage)
             ... on level 4 of the Dungeon.
             The game lasted 00:01:07 (428 turns).

Amnesiac the Digger (Mummy Earth Elementalist)       Turns: 428, Time: 00:01:08

Health: -5/24      AC:  2    Str: 11    XL:     3   Next: 46%
Magic:  0/6        EV: 12    Int: 15    God:
Gold:   29         SH:  0    Dex: 12    Spells: 2 memorised, 3 levels left

rFire  x . .     SeeInvis .     b - 62 stones
rCold  + . .     Gourm    .     c - +0 robe
rNeg   + + +     Faith    .     (no shield)
rPois  ∞         Spirit   .     (no helmet)
rElec  .         Dismiss  .     (no cloak)
rCorr  .         Reflect  .     (no gloves)
MR     .....     Harm     .     (no boots)
Stlth  ++........               (no amulet)
                                (no ring)
                                (no ring)

@: very slightly contaminated
A: no food or potions, fire vulnerability, cold resistance 1, negative energy
resistance 3, torment resistance, unbreathing
a: no special abilities


You were on level 4 of the Dungeon.
You were not hungry.

You visited 1 branch of the dungeon, and saw 4 of its levels.

You collected 29 gold pieces.

Inventory:

Hand Weapons
 e - a +0 short sword
Missiles
 b - 62 stones (in hand)
Armour
 c - a +0 robe (worn)
Jewellery
 a - an uncursed amulet of dismissal {unknown}
Scrolls
 f - 2 scrolls of remove curse {unknown}
 g - a scroll of identify {unknown}
Books
 d - a book of Geomancy

   Spells                             Type                      Level
   a - Sandblast                      Earth                        1
   b - Passwall                       Transmutation/Earth          2
   c - Stone Arrow                    Conjuration/Earth            3
   d - Petrify                        Transmutation/Earth          4
   e - Lee's Rapid Deconstruction     Earth                        5


   Skills:
 - Level 1.5 Dodging
 - Level 1.5 Stealth
 - Level 2.0 Spellcasting
 - Level 0.7 Transmutations
 + Level 3.7 Earth Magic


You had 3 spell levels left.
You knew the following spells:

 Your Spells              Type           Power        Failure   Level  Hunger
v - Passwall              Tmut/Erth      #.........   14%         2    N/A
z - Sandblast             Erth           ##....       6%          1    N/A

Dungeon Overview and Level Annotations

Branches:
Dungeon (4/15)
 Temple: D:4-7

Altars:

Shops:
D:4 !


Innate Abilities, Weirdness & Mutations

You do not eat or drink.
Your flesh is vulnerable to fire.
You are immune to poison.
Your flesh is cold resistant. (rC+)
You are immune to negative energy. (rN+++)
You are immune to unholy pain and torment.
You can survive without breathing.


Message History

You are showered with tiny particles of grit.
Unknown command.
Casting: Sandblast
Confirm with . or Enter, or press ? or * to list all spells.
Aiming: Sandblast
Press: ? - help, Shift-Dir - straight line, f/p - ogre
Aim: an ogre, wielding a giant spiked club (moderately wounded)
The rocky blast hits the ogre.
The ogre is heavily wounded.
The ogre misses you.
Casting: Sandblast
Confirm with . or Enter, or press ? or * to list all spells.
Aiming: Sandblast
Press: ? - help, Shift-Dir - straight line, f/p - ogre
Aim: an ogre, wielding a giant spiked club (heavily wounded)
The rocky blast hits the ogre.
The ogre is severely wounded.
The ogre hits you with a giant spiked club!!
Ouch! That really hurt!
You die...

#..........# #.# #.#.........
#..........# #.# #....##.....
#..........# #.######Z........
#..........####....Z†..........
##...............#.####........
##......#....#.#..####...##...
#####...........###...### .
##......#O### #.###
..........#@#####.#
####.#....#.##.>..#
#......#.#..#### ###........##
#......### ....###### ####


You could see an ogre and a gnoll zombie.

Vanquished Creatures
  A hound (D:4)
  An adder (D:2)
  A worm (D:3)
  2 giant cockroaches (D:3)
  A bat (D:1)
  2 kobolds
  A rat (D:3)
9 creatures vanquished.

Notes
Turn   | Place    | Note
-------+----------+-------------------------------------------
     0 | D:1      | Amnesiac the Mummy Earth Elementalist began the quest for the Orb.
     0 | D:1      | Reached XP level 1. HP: 13/13 MP: 3/3
   143 | D:2      | Reached skill level 3 in Earth Magic
   143 | D:2      | Reached XP level 2. HP: 18/19 MP: 0/5
   200 | D:2      | Learned a level 2 spell: Passwall
   393 | D:4      | Noticed an ogre
   406 | D:4      | Found Lutanome's Distillery.
   419 | D:4      | Reached XP level 3. HP: 20/24 MP: 3/6
   428 | D:4      | Slain by an ogre

Vault maps used:
D:1:      dpeg_arrival_lava_temple_mockup
D:2:      uniq_natasha
D:3:      ecumenical_altar_2, tgw_kikubaaqudgha
D:4:      old_standard_altar, serial_shops, nicolae_shop_trees, enter_ossuary_3

Skill      XL: |  1 |
---------------+----+-----
Earth Magic    | 3 |  3.7
Dodging        | |  1.5
Stealth        | |  1.5
Spellcasting   | |  2.0
Transmutations | |  0.7

Action                   || total
-------------------------++-------
 Cast: Sandblast         ||    18
Armor: Robe              ||     1
Dodge: Dodged            ||     4
